 Dungeon Sprint DCSS version 0.31-a0-875-g02e7d12df6 (webtiles) character file.

Game seed: 11098571736583254067

116 rocky1 the Covert (level 5, -4/41 HPs)
             Began as a Formicid Brigand on Oct 12, 2023.
             Killed from afar by a burning bush (10 damage)
             ... with a puff of flame
             ... in the Dungeon (Sprint IV: "Fedhas' Mad Dash").
             The game lasted 00:01:58 (523 turns).

rocky1 the Covert (Formicid Brigand)                 Turns: 523, Time: 00:01:58

Health: -4/41      AC:  3    Str: 15    XL:     5   Next: 20%
Magic:  5/5        EV: 12    Int: 11    God:
Gold:   46         SH:  0    Dex: 17    Spells: 4/4 levels left

rFire   . . .        a - +2 dagger
rCold   . . .        (no shield)
rNeg    . . .        b - +0 robe
rPois   .            (helmet unavailable)
rElec   .            c - +0 cloak
rCorr   .            (no gloves)
SInv    +            (no boots)
Will    .....        i - amulet of invisibility {+Inv}
Stlth   +++++        (no ring)
HPRegen 0.26/turn    (no ring)
MPRegen 0.09/turn

%: no passive effects
@: no status effects
A: permanent stasis, dig shafts and tunnels, antennae 3, four strong arms
a: Dig, Evoke Invisibility


You were in the Dungeon.
You visited 1 branch You collected 46 gold pieces.

Inventory:

Hand Weapons
 a - a +2 dagger (weapon)
Missiles
 d - 14 poisoned darts
 e - 3 curare-tipped darts (quivered)
Armour
 b - a +0 robe (worn)
 c - a +0 cloak (worn)
Jewellery
 i - the amulet of invisibility (around neck) {+Inv}
   (You found it in the Dungeon)

   [amulet of nothing]

   +Inv:      It lets you turn invisible.
Potions
 f - 3 potions of curing
 g - a potion of heal wounds
 h - 2 potions of magic


   Skills:
 + Level 3.2 Fighting
 + Level 2.9 Short Blades
 - Level 3.2 Throwing
 + Level 1.2 Dodging
 * Level 11.7 Stealth
 * Level 1.0 Evocations


You had 4 spell levels left.
You didn't know any spells.
Your spell library was empty.

Dungeon Overview and Level Annotations

Branches:
Dungeon (1/1)

Altars:


Innate Abilities, Weirdness & Mutations

You cannot be hasted, slowed, berserked, paralysed or teleported.
You can dig through walls and to a lower floor.
You have a pair of large antennae on your head. (SInv)
Your four strong arms can wield two-handed weapons with a shield.


Message History

You see here 9 gold pieces.
You see here 10 gold pieces.
You hit the burning bush but do no damage.
The burning bush throws fire at you. The puff of flame hits you!
You hit the burning bush but do no damage.
You hit the burning bush but do no damage.
You hit the burning bush but do no damage.
You completely miss the burning bush.
You hit the burning bush but do no damage.
The burning bush throws fire at you. The puff of flame misses you.
You hit the burning bush but do no damage.
You hit the burning bush but do no damage.
You hit the burning bush but do no damage.
You hit the burning bush but do no damage.
The burning bush throws fire at you. The puff of flame hits you!
You hit the burning bush.
You punch the burning bush, but do no damage.
The burning bush is lightly damaged.
You hit the burning bush but do no damage.
The burning bush is lightly damaged.
You hit the burning bush but do no damage.
The burning bush is lightly damaged.
You hit the burning bush but do no damage.
The burning bush is lightly damaged.
You hit the burning bush.
The burning bush is lightly damaged.
You hit the burning bush but do no damage.
The burning bush throws fire at you. The puff of flame hits you!
* * * LOW HITPOINT WARNING * * *
You hit the burning bush but do no damage.
Your magical contamination has completely faded away.
You hit the burning bush.
The burning bush is lightly damaged.
The burning bush throws fire at you. The puff of flame hits you!
You die...

#<..P#.....#.....#
#PP..'.....'.#...+
#PPPP#.....#.#†..#
###############'##
#y..♣........'...#
#.y.y..♣..{..#...#
. ♣..♣..######
####+##### {
#$@$$+ { { #P|###{
{ #### { { { { {


You could see a burning bush.

Vanquished Creatures
  A scorpion (D)
  2 oklob saplings (D)
  A river rat (D)
  A rat (D)
5 creatures vanquished.

Notes
Turn   | Place    | Note
-------+----------+-------------------------------------------
     0 | D        | rocky1 the Formicid Brigand began the quest for the Orb.
     0 | D        | Reached XP level 1. HP: 16/16 MP: 1/1
     7 | D        | Reached skill level 6 in Stealth
     7 | D        | Reached XP level 2. HP: 23/23 MP: 2/2
    27 | D        | Noticed an oklob sapling
    29 | D        | Killed an oklob sapling
    30 | D        | Reached skill level 1 in Dodging
    30 | D        | Reached skill level 8 in Stealth
    30 | D        | Reached XP level 3. HP: 28/28 MP: 3/3
    32 | D        | Noticed a scorpion
    32 | D        | Found the amulet of invisibility {+Inv}
    34 | D        | Killed a scorpion
    35 | D        | Reached skill level 11 in Stealth
    35 | D        | Reached XP level 4. HP: 35/35 MP: 4/4
    64 | D        | Reached skill level 1 in Evocations
    64 | D        | Reached XP level 5. HP: 41/41 MP: 5/5
   498 | D        | Noticed a queen bee
   501 | D        | Noticed a burning bush
   523 | D        | Killed from afar by a burning bush

Illustrated notes

Levels and vault maps discovered:
D:        dungeon_sprint_fedhas [sprint_temple]

Skill      XL: |  1  2  3  4 |
---------------+-------------+-----
Stealth        | 6 8 11 | 11.7
Dodging        | 1 |  1.2
Fighting       | 3 |  3.2
Throwing       | 3 |  3.2
Evocations     | 1 |  1.0
Short Blades   | |  2.9

Action                     |  1- 3 |  4- 6 || total
---------------------------+-------+-------++-------
  Melee: Dagger            |     3 |    19 ||    22
         Punch             |       |     1 ||     1
  Throw: Dart              |     1 |       ||     1
Ability: Evoke Invisibilit |       |     2 ||     2
   Stab: Sleeping          |     3 |     1 ||     4
 Armour: Robe              |       |     4 ||     4
  Dodge: Dodged            |       |     1 ||     1

Table legend: (Time is in decaauts)
 A = Elapsed time spent in this place.
 B = Non-inter-level travel time spent in this place.
 C = Inter-level travel time spent in this place.
 D = Time resting spent in this place.
 E = Time spent auto-exploring this place.
 F = Levels seen in this place.
 G = Mean time per level.
                   A        B        C        D        E       F      G
               +--------+--------+--------+--------+--------+-----+--------+
         Total |    519 |    519 |      0 |    415 |      0 |   1 |  519.0 |
       Dungeon |    519 |    519 |      0 |    415 |      0 |   1 |  519.0 |
               +--------+--------+--------+--------+--------+-----+--------+

Top non-repeatable levels by time:
       D: 519 daAuts
